 Dungeon Crawl Stone Soup version 0.30-a0-422-g946f4849ff (webtiles) character file.

Game seed: 16693166971467642008

42 Midn8 the Ruffian (level 3, -3/19 HPs)
             Began as a Vine Stalker Fighter on Dec 8, 2022.
             Killed from afar by a white imp (7 damage)
             ... with a puff of frost
             ... summoned by Natasha
             ... on level 2 of the Dungeon on Dec 9, 2022.
             The game lasted 00:01:33 (1283 turns).

Midn8 the Ruffian (Vine Stalker Fighter)            Turns: 1283, Time: 00:01:33

Health: -3/19      AC:  8    Str: 20    XL:     3   Next: 56%
Magic:  0/4        EV:  9    Int:  8    God:
Gold:   62         SH:  4    Dex: 13    Spells: 2/2 levels left

rFire   . . .      SeeInvis .    a - +0 rapier
rCold   . . .      Faith    .    c - +0 buckler
rNeg    . . .      Spirit   +    b - +0 scale mail
rPois   .          Reflect  .    (no helmet)
rElec   .          Harm     .    (no cloak)
rCorr   .          Rampage  .    h - +0 pair of gloves
Will    .....                    e - +0 pair of boots
Stlth   ..........               (no amulet)
HPRegen 0.23/turn                (no ring)
MPRegen 0.09/turn                (no ring)

@: no status effects
A: fangs 2, magic shield, antimagic bite, no potion heal 2
a: no special abilities


You were on level 2 of the Dungeon.
You visited 1 branch of the dungeon, and saw 2 of its levels.

You collected 62 gold pieces.

Inventory:

Hand Weapons
 a - a +0 rapier (weapon)
Missiles
 l - 6 javelins (quivered)
Armour
 b - a +0 scale mail (worn)
 c - a +0 buckler (worn)
 e - a +0 pair of boots (worn)
 h - a +0 pair of gloves (worn)
Jewellery
 k - a ring of see invisible
Scrolls
 g - a scroll of vulnerability {unknown}
Potions
 d - a potion of might
 f - 2 potions of flight
 i - a potion of curing {unknown}
 j - a potion of brilliance {unknown}


   Skills:
 - Level 2.6 Fighting
 - Level 1.7 Short Blades
 - Level 2.4 Armour
 - Level 2.6 Shields
 + Level 3.1 Unarmed Combat


You had 2 spell levels left.
You didn't know any spells.
Your spell library contained the following spells:

 Spells                   Type           Power      Damage    Failure   Level
 Apportation              Tloc           0%         N/A       86%         1


Dungeon Overview and Level Annotations

Branches:
Dungeon (2/15)

Altars:

Annotations:
D:2 Natasha


Innate Abilities, Weirdness & Mutations

You have extremely sharp teeth.
When hurt, damage is shared between your health and your magic reserves.
Your bite disrupts and absorbs the magic of your enemies.
Potions cannot restore your health.


Message History

The white imp shouts, "Bolt, thou dissembling guts-griping bladder!"
The white imp gestures at you. The puff of frost hits you.
Found a stone staircase leading up.
Natasha wildly gestures.
Natasha shimmers violently.
The white imp gestures at you. The puff of frost hits you!
You block the white imp's attack.
You hit Natasha. Your bite misses Natasha.
Natasha is lightly wounded.
Natasha closely misses you.
The white imp hits you but does no damage.
You puncture Natasha! Your bite misses Natasha.
Natasha is heavily wounded.
Natasha barely misses you.
The white imp hits you but does no damage.
You closely miss Natasha. You bite Natasha.
Natasha's magic leaks into the air.
You drain her magic.
You feel invigorated.
Natasha is severely wounded.
Natasha's magic is no longer disrupted.
Natasha casts a spell at you. You resist with some effort.
The white imp closely misses you.
You closely miss Natasha.
Natasha is severely wounded.
Natasha claws you.
The white imp hits you but does no damage.
You miss Natasha.
Natasha is severely wounded.
Natasha stares at you and mumbles some strange words.
The magic dart hits you. The white imp gestures at you.
The puff of frost hits you.
* * * LOW HITPOINT WARNING * * *
Natasha claws you but does no damage.
You hit Natasha.
Natasha is almost dead.
The white imp gestures at you. The puff of frost hits you!
You die...

#.##.....# #.#.####
..#....#.# #......# #
#.##.####.# ##.###.. ..
#. #.# #.# #.# ##.
#.#.##.####.# ##.# #.
#.....(...#.####..# #.
###....##........## #.
###...#.......##### #.
....).5@###...###### #.
......h..###.........##.
...<......##..... #....
..........########..##..
..........# # ##.
..........# ..
..........# #.
.........## ##


You could see Natasha and a white imp (summoned).

Vanquished Creatures
  Natasha (D:2)
  An endoplasm (D:1)
  2 goblins (D:1)
  2 hobgoblins (D:1)
  3 jackals (D:1)
  A quokka (D:2)
  2 ball pythons
  A bat (D:1)
  3 frilled lizards
  2 kobolds (D:1)
18 creatures vanquished.

Notes
Turn   | Place    | Note
-------+----------+-------------------------------------------
     0 | D:1      | Midn8 the Vine Stalker Fighter began the quest for the Orb.
     0 | D:1      | Reached XP level 1. HP: 11/11 MP: 2/2
   230 | D:1      | Reached skill level 1 in Unarmed Combat
   330 | D:1      | Reached XP level 2. HP: 16/16 MP: 3/3
   503 | D:1      | Reached skill level 2 in Unarmed Combat
   971 | D:2      | Noticed Natasha
   978 | D:2      | Killed Natasha
   979 | D:2      | Reached skill level 3 in Unarmed Combat
   979 | D:2      | Reached XP level 3. HP: 19/19 MP: 4/4
  1161 | D:2      | Found a faded altar of an unknown god.
  1165 | D:2      | Got Plato's Folio of Too Many Cooks
  1274 | D:2      | Noticed Natasha
  1283 | D:2      | Killed from afar by a white imp

Illustrated notes

Levels and vault maps discovered:
D:1:      evilmike_arrival_plus, layout_loops_ring, serial_forest,
          infiniplex_forest_straight_3, infiniplex_forest_clump_medium,
          infiniplex_forest_straight_3, infiniplex_forest_split,
          infiniplex_forest_pool, infiniplex_forest_zigzag_1, st_stairs_2,
          minmay_misc_feat_four_crosses
D:2:      layout_rooms, shapermc_ecumenical_altar_rom_forum, uniq_natasha

Skill      XL: |  1  2 |
---------------+-------+-----
Unarmed Combat | 1 3 |  3.1
Fighting       | |  2.6
Short Blades   | |  1.7
Armour         | |  2.4
Shields        | |  2.6

Action                   || total
-------------------------++-------
Melee: Rapier            ||    58
       Bite              ||    12
  Use: Scroll            ||     3
Armor: Scale mail        ||    27
Dodge: Dodged            ||    26
Block: Buckler           ||     8

Table legend: (Time is in decaauts)
 A = Elapsed time spent in this place.
 B = Non-inter-level travel time spent in this place.
 C = Inter-level travel time spent in this place.
 D = Time resting spent in this place.
 E = Time spent auto-exploring this place.
 F = Levels seen in this place.
 G = Mean time per level.
                   A        B        C        D        E       F      G
               +--------+--------+--------+--------+--------+-----+--------+
         Total |   1295 |   1226 |     69 |      0 |   1052 |   2 |  647.5 |
       Dungeon |   1295 |   1226 |     69 |      0 |   1052 |   2 |  647.5 |
               +--------+--------+--------+--------+--------+-----+--------+

Top non-repeatable levels by time:
     D:1: 933 daAuts
     D:2: 362 daAuts
